 Dungeon Crawl Stone Soup version 0.21-a0-91-ga5031da (webtiles) character file.

12 MackTheKnife the Magician (level 2, 19/19 HPs)
             Began as a Mummy Fire Elementalist on June 29, 2017.
             Safely got out of the dungeon.
             The game lasted 00:00:50 (423 turns).

MackTheKnife the Magician (Mummy Fire Elementalist)  Turns: 423, Time: 00:00:50

Health: 19/19      AC:  2    Str: 11    XL:     2   Next: 20%
Magic:  5/5        EV: 12    Int: 14    God:
Gold:   28         SH:  0    Dex: 12    Spells: 5/6 levels left

rFire    x . .     SeeInvis .   d - +0 short sword
rCold    + . .     Gourm    .   (no shield)
rNeg     + + +     Faith    .   a - +0 robe
rPois    ∞         Spirit   .   (no helmet)
rElec    .         Reflect  .   (no cloak)
rCorr    .         Harm     .   (no gloves)
MR       .....                  (no boots)
Stlth    ++........             (no amulet)
HPRegen  0.06/turn              (no ring)
MPRegen  0.09/turn              (no ring)

@: no status effects
A: no food or potions, fire vulnerability, cold resistance 1, negative energy
resistance 3, torment resistance, unbreathing
a: no special abilities


You escaped.
You were not hungry.

You visited 1 branch of the dungeon, and saw 1 of its levels.

You collected 28 gold pieces.

Inventory:

Hand Weapons
 d - a +0 short sword (weapon)
   (You took it off a kobold on level 1 of the Dungeon)
Armour
 a - a +0 robe (worn)
Books
 b - a book of Flames


   Skills:
 - Level 1.5 Dodging
 - Level 1.5 Stealth
 + Level 2.7 Spellcasting
 + Level 1.4 Conjurations
 + Level 2.6 Fire Magic


You had 5 spell levels left.
You knew the following spells:

 Your Spells              Type           Power        Failure   Level  Hunger
z - Flame Tongue          Conj/Fire      #....        10%         1    N/A

Dungeon Overview and Level Annotations

Branches:
Dungeon (1/15)

Altars:


Innate Abilities, Weirdness & Mutations

You do not eat or drink.
Your flesh is vulnerable to fire.
You are immune to poison.
Your flesh is cold resistant. (rC+)
You are immune to negative energy. (rN+++)
You are immune to unholy pain and torment.
You can survive without breathing.


Message History

No target in view!
Things that are here:
a dagger; a goblin corpse The hobgoblin shouts!
No target in view!
No target in view!
The hobgoblin hits you but does no damage.
You hit the hobgoblin.
You kill the hobgoblin!
Things that are here:
a club; a hobgoblin corpse You see here a goblin corpse.
Things that are here:
a dagger; a goblin corpse You now have 28 gold pieces (gained 11).
A rat comes into view.
Health restored: 13 A rat is nearby!
A rat comes into view.
Aim: a rat (resting)
You miscast Flame Tongue.
You are very lightly contaminated with residual magic.
Nothing appears to happen.
You now have 3/4 mp.
Aim: a rat The flame tongue hits the rat.
You kill the rat!
You now have 2/4 mp.
You can't see any susceptible monsters within range! (Use Z to cast anyway.) Unknown command.
A rat is nearby!
A rat is nearby!
Okay, then.
Quiver which item? (- for none, * to show all) (? for menu, Esc to quit)
Okay, then.
As you read the scroll labeled CEKKOC KISHRA, it crumbles to dust.
It is a scroll of identify.
You don't have any unidentified items.
A rat is nearby!
A rat is nearby!
A rat is nearby!
You see here a rat corpse.
The rat barely misses you.
You hit the rat but do no damage. The rat bites you.
You take 1 damage, and have 12/13 hp.
You barely miss the rat. The rat bites you.
You take 2 damage, and have 10/13 hp.
You hit the rat.
You kill the rat!
You have reached level 2!
You regained 4 hp, and now have 14/19 hp.
(D) Dungeon
Where to? (Enter - D:1 @ (x,y), ? - help)
You see here a bubbling inky potion.
Your magical contamination has completely faded away.
No target in view!
Found a stone staircase leading down.
MP restored: 5
There is a stone staircase leading down here.
A kobold comes into view. It is wielding a short sword.
A kobold is nearby!
A kobold is nearby!
The helpless kobold fails to defend itself.
You hit the kobold. The kobold hits you with a short sword.
You take 4 damage, and have 13/19 hp.
MASSIVE DAMAGE!!
You hit the kobold.
You kill the kobold!
No target in view!
No target in view!
(D) Dungeon
Where to? (Enter - D:1 @ (x,y), ? - help)
A goblin comes into view.
You can't go up here!
The goblin barely misses you.
You barely miss the goblin. The goblin closely misses you.
You hit the goblin.
You kill the goblin!
No target in view!
You see here 17 stones.
You see here a bubbling inky potion.
A kobold comes into view. It is wielding a club.
You regained 3 hp, and now have 18/19 hp.
You can't go up here!
The kobold shouts!
You closely miss the kobold. The kobold barely misses you.
You hit the kobold.
You kill the kobold!
No target in view!
(D) Dungeon
Where to? (Enter - D:1 @ (x,y), ? - help)
There is an open door here.
You see here 17 stones.
There is a fountain of clear blue water here.
You see here a leather armour.
There is an open door here.
There is a staircase leading out of the dungeon here.
Health restored: 19 Are you sure you want to leave the Dungeon?
This will make you lose the game!
You have escaped!

#######......#..####
#.....##.#....).....
#.8.8.##........####
.....#
#..8...###..###.####
.....#
#.8.8...##..........
.....#
#........##.#.#.###.
.....#
#.###.⌠.⌠.#.......#.
.....#
#.#.#.....#.(....##.
.....#
#.'@#..8..'...#..##.
...).#
#.#.#....(#.#.##.##.
.....#
#.###.⌠.⌠.#.#....##.
.....#
#.....[..##.........
#.####
#.8.8...############
#..#
#..8...###....!.....
##.###########.8.8.##
#.#........
............##.....#
#.#.#######
###.#######.#########
#.#.#


There were no monsters in sight!

Vanquished Creatures
  A giant cockroach (D:1)
  A hobgoblin (D:1)
  3 kobolds (D:1)
  A bat (D:1)
  A frilled lizard (D:1)
  3 goblins (D:1)
  2 rats (D:1)
12 creatures vanquished.

Notes
Turn   | Place    | Note
-------+----------+-------------------------------------------
     0 | D:1      | MackTheKnife the Mummy Fire Elementalist began the quest for the Orb.
     0 | D:1      | Reached XP level 1. HP: 13/13 MP: 4/4
    34 | D:1      | Reached skill level 1 in Conjurations
   278 | D:1      | Reached XP level 2. HP: 14/19 MP: 2/5
   423 | D:$      | Safely got out of the dungeon.

Vault maps used:
D:1:      ncdulo_halloftheorcs

Skill      XL: |  1 |
---------------+----+-----
Conjurations   | 1 |  1.4
Dodging        | |  1.5
Stealth        | |  1.5
Spellcasting   | |  2.7
Fire Magic     | |  2.6

Action                   || total
-------------------------++-------
Melee: Short sword       ||    21
       Unarmed           ||     2
 Cast: Flame Tongue      ||     4
  Use: Scroll            ||     1
 Stab: Sleeping          ||     1
Armor: Robe              ||     3
Dodge: Dodged            ||    18

Vault maps used:
D:1:      ncdulo_halloftheorcs

Table legend:
 A = Turns spent in this place as a percentage of turns spent in the entire game.
 B = Non-inter-level travel turns spent in this place as a percentage of non-inter-level travel turns spent in the entire game.
 C = Inter-level travel turns spent in this place as a percentage of turns spent in this place.
 D = Turns resting spent in this place as a percentage of non-inter-level travel turns spent in this place.
 E = Turns spent auto-exploring this place as a percentage of non-inter-level travel turns spent in this place.
 F = Non-inter-level travel turns spent in this place divided by the number of levels of this place that you've seen.
                   A       B       C       D       E      F
               +-------+-------+-------+-------+-------+----------------------
         Total | 100.0 | 100.0 |   2.8 |   0.0 |  10.2 | 137.0
       Dungeon | 100.0 | 100.0 |   2.8 |   0.0 |  10.2 | 137.0
               +-------+-------+-------+-------+-------+----------------------

Table legend:
 A = Kills in this place as a percentage of kills in entire the game.
 B = Kills by you in this place as a percentage of kills by you in the entire game.
 C = Kills by friends in this place as a percentage of kills by friends in the entire game.
 D = Other kills in this place as a percentage of other kills in the entire game.
 E = Experience gained in this place as a percentage of experience gained in the entire game.
 F = Experience gained in this place divided by the number of levels of this place that you have seen.
                   A       B       C       D       E      F
               +-------+-------+-------+-------+-------+----------------------
         Total | 100.0 | 100.0 |  -nan |  -nan | 100.0 |  18.0
       Dungeon | 100.0 | 100.0 |  -nan |  -nan | 100.0 |  18.0
               +-------+-------+-------+-------+-------+----------------------
